 Dungeon Crawl Stone Soup version 0.19.5 (webtiles) character file.

67 equalderp2856 the Scratcher (level 3, -4/17 HPs)
             Began as a Felid Fighter on Mar 13, 2017.
             Slain by a hobgoblin (6 damage)
             ... led by Robin
             ... on level 3 of the Dungeon.
             The game lasted 00:04:12 (1838 turns).

equalderp2856 the Scratcher (Felid Fighter)         Turns: 1838, Time: 00:04:12

Health: -4/17      AC:  1    Str: 13    XL:     3   Next: 98%
Magic:  4/4        EV: 20    Int:  9    God:
Gold:   123        SH:  0    Dex: 15    Spells: 0 memorised, 2 levels left
                                        Lives:  0   Deaths: 0

rFire  . . .     SeeInvis +       - Unarmed
rCold  . . .     Gourm    .     (armour unavailable)
rNeg   . . .     Faith    .     (shield unavailable)
rPois  .         Spirit   .     (helmet unavailable)
rElec  .         Reflect  .     (cloak unavailable)
rCorr  .         Harm     .     (gloves unavailable)
MR     .....                    (boots unavailable)
Stlth  ++........               (no amulet)
                                (no ring)
                                (no ring)

@: quick
A: no armour, no weapons or thrown items, stealth, claws 1, fangs 3, see
invisible, carnivore 3, speed 1, shaggy fur 1, slow metabolism 1, sharp paws
a: no special abilities


You were on level 3 of the Dungeon.
You were very full.

You visited 1 branch of the dungeon, and saw 3 of its levels.

You collected 123 gold pieces.

Inventory:

Missiles
 p - 39 arrows
Jewellery
 h - a +4 amulet of reflection {unknown}
 l - a cursed ring of loudness {unknown}
Scrolls
 c - 2 scrolls of enchant armour {unknown}
 d - a scroll of identify {unknown}
 e - a scroll of teleportation {unknown}
 j - 2 scrolls of magic mapping {unknown}
Potions
 a - a potion of might
 f - a potion of lignification {unknown}
 i - a potion of haste {unknown}
 m - a potion of resistance {unknown}
 n - a potion of brilliance {unknown}
 q - a potion of degeneration {unknown}
Books
 o - a book of Changes

   Spells                             Type                      Level
   a - Beastly Appendage              Transmutation                1
   b - Sticks to Snakes               Transmutation                2
   c - Spider Form                    Transmutation/Poison         3
   d - Ice Form                       Ice/Transmutation            4
   e - Blade Hands                    Transmutation                5
Comestibles
 b - a meat ration
 g - 2 bread rations
 k - 4 fruits


   Skills:
 + Level 3.1 Fighting
 + Level 4.7 Dodging
 + Level 1.3 Stealth
 + Level 5.0 Unarmed Combat


You had 2 spell levels left.
You didn't know any spells.

Dungeon Overview and Level Annotations

Branches:
Dungeon (3/15)

Altars:
Uskayaw

Annotations:
D:3 Robin


Innate Abilities, Weirdness & Mutations

You cannot wear armour.
You are incapable of wielding weapons or throwing items.
Your paws allow you to move quietly. (Stealth)
You have sharp claws.
You have razor-sharp teeth.
You have supernaturally acute eyesight. (SInv)
You are carnivorous and can eat meat at any time.
You cover ground quickly.
You are covered in fur. (AC +1)
You have a slow metabolism.
Your sharp claws are effective at attacking unaware monsters.


Message History

A goblin comes into view.
You completely miss the hobgoblin. The hobgoblin completely misses you.
You barely miss the hobgoblin. The hobgoblin closely misses you.
Robin shouts!
The goblin shouts!
You scratch the hobgoblin but do no damage.
You bite the hobgoblin, but do no damage.
You scratch the hobgoblin but do no damage.
The hobgoblin misses you. Robin throws the goblin at you! The goblin hits you.
* * * LOW HITPOINT WARNING * * *
You scratch the goblin.
You kill the goblin!
The hobgoblin closely misses you.
Robin roars a battlecry!
The goblins go into a battle-frenzy!
Robin throws the goblin at you!
* * * LOW HITPOINT WARNING * * *
You scratch the goblin.
The goblin is moderately wounded.
The goblin barely misses you. The hobgoblin hits you.
You die...

..... ..........>....
##... ........##K.# #...
........g..g.# ...##
........g##..# ....
.##..###)###..gg
#..##.##..# #g# .##g..
#.........# #b# .. ...
####<......# #g## #.# ..
#.........#####@.## .# .
...###.........g...##..
## #.....###.#(...##
######...............#
...........###.#.....#
.............#..#......
.....................###
...............K...#...
....................#..


You could see Robin, 2 hobgoblins, 2 goblins, a bat and a kobold (wandering).

Vanquished Creatures
  An adder (D:2)
  An ooze (D:3)
  2 worms (D:2)
  2 dart slugs
  A giant cockroach (D:1)
  7 goblins
  8 hobgoblins
  5 kobolds
  7 bats
  4 frilled lizards (D:1)
  4 rats
42 creatures vanquished.

Notes
Turn   | Place    | Note
-------+----------+-------------------------------------------
     0 | D:1      | equalderp2856 the Felid Fighter began the quest for the Orb.
     0 | D:1      | Reached XP level 1. HP: 10/10 MP: 2/2
   298 | D:1      | Reached XP level 2. HP: 10/14 MP: 3/3
  1062 | D:2      | Reached XP level 3. HP: 15/17 MP: 4/4
  1323 | D:2      | Reached skill level 1 in Stealth
  1407 | D:2      | Noticed a dagger
  1408 | D:2      | Noticed a hand axe
  1410 | D:2      | Found a hide-covered altar of Uskayaw.
  1803 | D:3      | Noticed Robin
  1818 | D:3      | Reached skill level 5 in Unarmed Combat
  1838 | D:3      | Slain by a hobgoblin

Skill      XL: |  1  2  3 |
---------------+----------+-----
Stealth        | 1 |  1.3
Unarmed Combat | 5 |  5.0
Fighting       | |  3.1
Dodging        | |  4.7

Action                   || total
-------------------------++-------
Melee: Unarmed           ||   113
       Bite              ||     9
       Punch             ||     1
  Use: Potion            ||     1
 Stab: Sleeping          ||     5
  Eat: Chunk             ||     7
Armor: Skin              ||    11
Dodge: Dodged            ||    85
